 Dungeon Crawl Stone Soup version 0.20.1-1-g8b1a95d (webtiles) character file.

25292 lorenzova the Eclecticist (level 12, -9/59 HPs)
             Began as a Deep Elf Conjurer on Oct 26, 2017.
             Was a High Priest of Sif Muna.
             Mangled by a black mamba (16 damage)
             ... on level 4 of the Lair of Beasts.
             The game lasted 00:56:18 (19682 turns).

lorenzova the Eclecticist (Deep Elf Conjurer)      Turns: 19682, Time: 00:56:19

Health: -9/59      AC:  8    Str:  5    XL:     12   Next: 88%
Magic:  42/42      EV: 12    Int: 26    God:    Sif Muna [*****.]
Gold:   975        SH:  0    Dex: 18    Spells: 14/42 levels left

rFire    . . .     SeeInvis .   a - staff of air
rCold    . . .     Gourm    .   (no shield)
rNeg     . . .     Faith    .   H - +1 leather armour of Kiasesh {+Inv rPois}
rPois    +         Spirit   .   (no helmet)
rElec    +         Reflect  .   Q - +2 cloak {+Inv}
rCorr    .         Harm     .   (no gloves)
MR       +....                  v - +0 pair of boots
Stlth    ++........             (no amulet)
Regen    0.2/turn               j - +3 ring of dexterity
MPRegen  0.3/turn               t - ring of magical power

@: about to teleport
A: no striking features
a: Divine Energy, Channel Magic, Forget Spell, Renounce Religion, Evoke
Invisibility


You were on level 4 of the Lair of Beasts.
You worshipped Sif Muna.
Sif Muna was extremely pleased with you.
You were very hungry.

You visited 3 branches of the dungeon, and saw 17 of its levels.
You also visited: Ossuary and Bailey.

You collected 975 gold pieces.

Inventory:

Hand Weapons
 X - a +3 hand axe of draining
Armour
 v - a +0 pair of boots (worn)
 H - the +1 leather armour of Kiasesh (worn) {+Inv rPois}
   (You took it off an orc warrior in a bailey)

   It protects you from poison.
   It lets you turn invisible.
 Q - a +2 cloak of invisibility (worn)
 Y - a +2 robe of fire resistance
Magical Staves
 a - an uncursed staff of air (weapon)
Jewellery
 j - a +3 ring of dexterity (left hand)
 n - an uncursed ring of see invisible
 t - a ring of magical power (right hand)
 E - an uncursed amulet of faith {unknown}
 O - an uncursed ring of flight
Scrolls
 b - 2 scrolls of torment {unknown}
 i - a scroll of amnesia {unknown}
 k - 5 scrolls of teleportation
 l - 2 scrolls of noise {unknown}
 m - 5 scrolls of enchant armour {unknown}
 o - 4 scrolls of fog {unknown}
 q - 12 scrolls of remove curse
 r - 3 scrolls of recharging {unknown}
 x - 3 scrolls of fear {unknown}
 y - 2 scrolls of magic mapping {unknown}
 D - 3 scrolls of vulnerability {unknown}
 K - 3 scrolls of enchant weapon {unknown}
 L - 2 scrolls of blinking {unknown}
 R - a scroll of acquirement
 S - 2 scrolls of random uselessness {unknown}
Potions
 e - a potion of mutation
 f - a potion of might
 s - 7 potions of curing
 u - 2 potions of heal wounds
 w - a potion of invisibility
 z - 2 potions of agility
 A - 4 potions of cancellation {unknown}
 C - a potion of magic {unknown}
 I - a potion of flight {unknown}
 J - 2 potions of brilliance {unknown}
 P - 3 potions of haste
Books
 d - Koumeat's Reference Book on Dislocation and Poison
   (Sif Muna gifted it to you on level 2 of the Lair of Beasts)

   Spells                             Type                      Level
   a - Sting                          Conjuration/Poison           1
   b - Apportation                    Translocation                1
   c - Blink                          Translocation                2
   d - Venom Bolt                     Conjuration/Poison           5
   e - Alistair's Intoxication        Transmutation/Poison         5
 g - a book of the Sky

   Spells                             Type                      Level
   a - Summon Lightning Spire         Summoning/Air                4
   b - Silence                        Hexes/Air                    5
   c - Deflect Missiles               Charms/Air                   6
   d - Conjure Ball Lightning         Conjuration/Air              6
   e - Tornado                        Air                          9
Comestibles
 c - 12 bread rations
 h - 20 royal jellies
 p - 11 meat rations
 B - 8 fruits


   Skills:
 - Level 2.4 Dodging
 - Level 2.4 Stealth
 * Level 15.6 Spellcasting
 * Level 14.0 Conjurations
 * Level 9.2 Hexes
 * Level 1.3 Charms
 - Level 6.0 Summonings
 * Level 6.5 Air Magic
 + Level 6.8 Invocations


You had 14 spell levels left.
You knew the following spells:

 Your Spells              Type           Power        Failure   Level  Hunger
a - Magic Dart            Conj           ####         0%          1    None
b - Searing Ray           Conj           ######       1%          2    None
c - Iskenderun's Mystic   Conj           #######.     1%          4    None
d - Fulminant Prism       Conj/Hex       ######....   1%          4    None
e - Summon Lightning Spi  Summ/Air       ######..     3%          4    None
f - Blink                 Tloc           N/A          6%          2    None
g - Deflect Missiles      Chrm/Air       ######....   78%         6    ####...
l - Lightning Bolt        Conj/Air       #######...   1%          5    None


Dungeon Overview and Level Annotations

Branches:
Dungeon (11/15)            Temple (1/1) D:5            Lair (5/6) D:9
  Swamp (0/4) Lair:4       Spider (0/4) Lair:3          Orc (0/2) D:9
  Slime: Lair:5-6

Altars:
Elyvilon
Gozag
Nemelex Xobeh
Qazlal
Ru
Sif Muna
Uskayaw
Xom
Yredelemnul
Zin
The Shining One

Shops:
D:4 (   D:11 *

Annotations:
D:11 Joseph; Ymberto's ghost, journeyman DEFE


Message History

The eight-headed hydra bites you!
The eight-headed hydra bites you but does no damage.
The eight-headed hydra bites you.
* * * LOW HITPOINT WARNING * * *
The eight-headed hydra closely misses you.
The eight-headed hydra bites you but does no damage.
You climb upwards.
There is a stone staircase leading down here.
Casting: Iskenderun's Mystic Blast
Confirm with . or Enter, or press ? or * to list all spells.
You blink.
As you read the scroll of teleportation, it crumbles to dust.
You feel strangely unstable.
The porcupine twitches its whiskers.
The spiny frog stings you!
* * * LOW HITPOINT WARNING * * *
The black mamba bites you.
* * * LOW HITPOINT WARNING * * *
The black mamba bites you!
You die...

##.........##
#######....##.. ##.#.....#.#
#..##...##P##..
##...#########..##.>.#####..
#..## ##.......### ###
##.#### #........# #.#.#.#
#.FF....## ###..## ##D#..###
##.P####.S....#
#...#.##@r.#### ###..#....##
##.........# ##.........###
#............# #####
#............###.#.###
##........##.#.PP...#.##
##..#.....#.##..PP......##
##..#####..####..P........##


You could see an eight-headed hydra, a black mamba, a spiny frog, a bullfrog and
a porcupine.

Vanquished Creatures
  3 hydras
  2 two-headed ogres
  2 unseen horrors (D:10)
  An orc knight (Bailey)
  An oklob plant (Lair:3)
  2 elephants (Lair:4)
  Psyche (D:9)
  3 black mambas (Lair:2)
  5 spiny frogs
  A rime drake (Lair:4)
  A komodo dragon (Lair:4)
  2 kobold demonologists (Bailey)
  2 trolls
  3 jumping spiders (Lair:3)
  2 polar bears (Lair:4)
  A hornet (Lair:4)
  2 slime creatures (D:10)
  Prince Ribbit (D:6)
  4 hippogriffs
  2 wyverns
  A redback (Lair:3)
  4 basilisks
  8 yaks
  A hungry ghost (D:10)
  Edmund (D:5)
  A soldier ant (D:10)
  4 water moccasins
  8 porcupines
  6 orc warriors
  3 sky beasts
  An ice beast (D:7)
  A black bear (D:9)
  4 phantoms
  2 ogres (D:9)
  4 centaurs
  4 crocodiles
  Blork the orc (D:6)
  4 big kobolds
  2 gnoll sergeants (D:9)
  11 bullfrogs
  5 scorpions
  A wyvern skeleton (D:10)
  5 killer bees (D:9)
  13 wights
  5 electric eels
  2 howler monkeys (D:4)
  3 centaur zombies
  A jelly (D:7)
  A crimson imp (D:5)
  3 human zombies (Ossuary)
  A hound (D:6)
  7 orc priests
  7 orc wizards
  2 centaur skeletons
  A bullfrog skeleton (D:8)
  5 iguanas
  8 worker ants
  Natasha (thrice) (D:2)
  A killer bee zombie (D:8)
  A hound zombie (D:5)
  3 mummies (Ossuary)
  A hound skeleton (D:4)
  2 howler monkey zombies (D:9)
  Robin (D:2)
  10 adders
  9 gnolls
  2 shadow imps (D:7)
  3 adder zombies (Ossuary)
  2 worms (D:4)
  2 dart slugs
  4 leopard geckos
  50 orcs
  3 ball pythons
  9 giant cockroaches
  27 goblins
  11 hobgoblins
  7 jackals
  5 quokkas
  5 bats
  4 frilled lizards
  5 goblin zombies (Ossuary)
  2 hobgoblin zombies (Ossuary)
  8 jackal zombies (Ossuary)
  13 kobolds
  A kobold zombie (Ossuary)
  2 leopard gecko skeletons
  A leopard gecko zombie (D:6)
  3 orc zombies (Ossuary)
  4 quokka zombies (Ossuary)
  11 rats
  2 rat zombies (Ossuary)
  A fungus (Lair:4)
  2 plants (Lair:3)
402 creatures vanquished.

Vanquished Creatures (collateral kills)
  Urug (Lair:3)
  2 orc knights (Bailey)
  3 elephants (Lair:4)
  3 spiny frogs
  A komodo dragon (Lair:4)
  A slime creature (D:10)
  13 yaks
  A basilisk (Lair:3)
  A hungry ghost (D:10)
  5 orc warriors (Bailey)
  A black bear (Lair:3)
  A crocodile (Lair:1)
  3 bullfrogs
  A scorpion (D:10)
  5 wights (D:10)
  3 howler monkeys (D:10)
  A quasit (D:10)
  3 jellies (D:10)
  An orc priest (D:10)
  5 oozes (D:10)
  6 orcs
  A goblin (Bailey)
  A hobgoblin (Bailey)
  A fungus (Lair:4)
64 creatures vanquished.

Vanquished Creatures (others)
  48 fulminant prisms
  23 fungi
  24 plants
95 creatures vanquished.

Grand Total: 561 creatures vanquished

Notes
Turn   | Place    | Note
-------+----------+-------------------------------------------
     0 | D:1      | lorenzova the Deep Elf Conjurer began the quest for the Orb.
     0 | D:1      | Reached XP level 1. HP: 10/10 MP: 6/6
   375 | D:1      | Reached XP level 2. HP: 15/15 MP: 4/8
   379 | D:1      | Learned a level 2 spell: Searing Ray
   871 | D:2      | Noticed Natasha
   884 | D:2      | Killed Natasha
   884 | D:2      | Reached skill level 4 in Spellcasting
   884 | D:2      | Reached skill level 5 in Conjurations
   884 | D:2      | Reached XP level 3. HP: 19/19 MP: 1/10
   888 | D:2      | Noticed Natasha
   967 | D:2      | Killed Natasha
   967 | D:2      | Reached XP level 4. HP: 24/24 MP: 3/12
  1259 | D:2      | Noticed Robin
  1261 | D:2      | Killed Robin
  1266 | D:2      | Reached skill level 5 in Spellcasting
  1374 | D:2      | Learned a level 4 spell: Iskenderun's Mystic Blast
  1392 | D:2      | Found a sacrificial altar of Ru.
  1763 | D:2      | Noticed Natasha
  1767 | D:2      | Killed Natasha
  1767 | D:2      | Reached XP level 5. HP: 28/28 MP: 6/15
  2600 | D:4      | Reached skill level 6 in Spellcasting
  2679 | D:4      | Reached XP level 6. HP: 32/32 MP: 8/17
  3096 | D:4      | Found Fyibeap's Antique Weapon Shop.
  3167 | D:4      | Reached skill level 7 in Spellcasting
  3560 | D:4      | Learned a level 4 spell: Fulminant Prism
  3697 | D:5      | Entered Level 5 of the Dungeon
  3727 | D:5      | Reached XP level 7. HP: 36/36 MP: 20/20
  3792 | D:5      | Found a sand-covered staircase.
  3802 | Ossuary  | Entered an ossuary
  3924 | Ossuary  | Reached skill level 1 in Hexes
  4524 | Ossuary  | Reached skill level 8 in Spellcasting
  4823 | D:5      | Noticed Edmund
  4830 | D:5      | Killed Edmund
  4956 | D:5      | Found a white marble altar of Elyvilon.
  5087 | D:5      | Found a sparkling altar of Nemelex Xobeh.
  5191 | D:5      | Found a staircase to the Ecumenical Temple.
  5205 | Temple   | Entered the Ecumenical Temple
  5238 | Temple   | Became a worshipper of Sif Muna the Loreminder
  5378 | D:6      | Reached XP level 8. HP: 41/41 MP: 14/22
  5480 | D:6      | Reached skill level 9 in Spellcasting
  5595 | D:6      | Noticed Prince Ribbit
  5599 | D:6      | Killed Prince Ribbit
  5825 | D:6      | Found a glowing golden altar of the Shining One.
  6019 | D:6      | Noticed Blork the orc
  6024 | D:6      | Killed Blork the orc
  6156 | D:7      | Reached * piety under Sif Muna
  6196 | D:7      | Reached skill level 10 in Spellcasting
  6340 | D:7      | Noticed a hippogriff
  6413 | D:7      | Killed a hippogriff
  6522 | D:7      | Reached skill level 5 in Hexes
  7037 | D:8      | Reached XP level 9. HP: 45/45 MP: 25/25
  7050 | D:8      | Noticed a two-headed ogre
  7063 | D:8      | Killed a two-headed ogre
  7063 | D:8      | Reached ** piety under Sif Muna
  7063 | D:8      | Reached skill level 11 in Spellcasting
  7063 | D:8      | Reached skill level 10 in Conjurations
  7551 | D:8      | Found a stormy altar of Qazlal.
  7551 | D:8      | Noticed a troll
  7567 | D:8      | Killed a troll
  7705 | D:8      | Reached skill level 12 in Spellcasting
  8351 | D:8      | Found a glowing silver altar of Zin.
  8352 | D:8      | Noticed an angel
  8627 | D:9      | Noticed Joseph
  8792 | D:9      | Noticed Psyche
  8799 | D:9      | Killed Psyche
  8799 | D:9      | Reached skill level 1 in Invocations
  8799 | D:9      | Reached XP level 10. HP: 45/50 MP: 13/28
  8945 | D:9      | Reached *** piety under Sif Muna
  9319 | D:9      | Found a staircase to the Orcish Mines.
  9978 | D:9      | Reached skill level 13 in Spellcasting
  9995 | D:9      | Reached **** piety under Sif Muna
 10391 | D:9      | Found a staircase to the Lair.
 10465 | D:9      | Found a hide-covered altar of Uskayaw.
 10761 | D:9      | Learned a level 4 spell: Summon Lightning Spire
 10779 | D:10     | Entered Level 10 of the Dungeon
 10856 | D:10     | Noticed an unseen horror
 10866 | D:10     | Killed an unseen horror
 10866 | D:10     | Reached skill level 1 in Summonings
 10937 | D:10     | Noticed an unseen horror
 10945 | D:10     | Killed an unseen horror
 11158 | D:10     | Reached XP level 11. HP: 50/54 MP: 28/30
 12265 | D:10     | Noticed a two-headed ogre
 12285 | D:10     | Killed a two-headed ogre
 12517 | D:10     | Reached skill level 14 in Spellcasting
 12704 | D:11     | Got an encrusted rapier
 12705 | D:11     | Identified the +5 rapier "Wikk" {pierce, rElec Str+4 Int-5} (You found it on level 11 of the Dungeon)
 12729 | D:11     | Noticed Ymberto's ghost (journeyman DEFE)
 12794 | D:11     | Reached ***** piety under Sif Muna
 12794 | D:11     | Identified Hagusyte's Almanac of Flying Malediction (Sif Muna gifted it to you on level 11 of the Dungeon)
 12794 | D:11     | Received a gift from Sif Muna
 12804 | D:11     | Learned a level 5 spell: Lightning Bolt
 12817 | D:11     | Found a flagged portal.
 12824 | Bailey   | Entered a bailey
 13182 | Bailey   | Noticed an orc knight
 13191 | Bailey   | Killed an orc knight
 13191 | Bailey   | Reached skill level 1 in Air Magic
 13245 | Bailey   | Got a bloodstained leather armour
 13256 | Bailey   | Identified the +1 leather armour of Kiasesh {+Inv rPois} (You took it off an orc warrior in a bailey)
 13460 | Bailey   | Noticed an orc knight
 13469 | Bailey   | Killed an orc knight
 13525 | Bailey   | Got an encrusted war axe {chaos}
 13531 | Bailey   | Found an iron altar of Okawaru.
 13719 | Bailey   | Noticed an orc knight
 13739 | Bailey   | Killed an orc knight
 14024 | D:11     | Noticed an eight-headed hydra
 14225 | D:11     | Found Vatest's Assorted Antiques.
 14300 | D:10     | Identified the +3 war axe "Tufolil" {chaos, Dex+9} (You took it off an orc knight in a bailey)
 14366 | Lair:1   | Entered Level 1 of the Lair of Beasts
 14885 | Lair:1   | Reached skill level 5 in Summonings
 14911 | Lair:1   | Noticed a seven-headed hydra
 14918 | Lair:1   | Killed a seven-headed hydra
 14918 | Lair:1   | Reached skill level 5 in Invocations
 16088 | Lair:2   | Reached XP level 12. HP: 59/59 MP: 31/32
 16101 | Lair:2   | Noticed a seven-headed hydra
 16105 | Lair:2   | Killed a seven-headed hydra
 16105 | Lair:2   | Identified Koumeat's Reference Book on Dislocation and Poison (Sif Muna gifted it to you on level 2 of the Lair of Beasts)
 16105 | Lair:2   | Received a gift from Sif Muna
 17216 | Lair:3   | Found a hole to the Spider Nest.
 17353 | Lair:3   | Noticed Urug
 17428 | Lair:3   | Reached skill level 15 in Spellcasting
 17434 | Lair:3   | Reached skill level 5 in Air Magic
 17662 | Lair:3   | Killed Urug
 18761 | Lair:4   | Noticed a five-headed hydra
 18770 | Lair:4   | Killed a five-headed hydra
 18770 | Lair:4   | Received a gift from Sif Muna
 18842 | Lair:4   | Learned a level 2 spell: Blink
 18849 | Lair:4   | Learned a level 6 spell: Deflect Missiles
 18965 | Lair:4   | Found a staircase to the Swamp.
 19294 | Lair:4   | Reached skill level 1 in Charms
 19673 | Lair:5   | Noticed an eight-headed hydra
 19682 | Lair:4   | Mangled by a black mamba

Skill      XL: |  1  2  3  4  5  6  7  8  9 10 11 12 |
---------------+-------------------------------------+-----
Spellcasting   | 4 5 6 7 8 10 12 13 14 15 | 15.6
Conjurations   | 5 6 7 8 9 11 12 13 14 | 14.0
Hexes          | 3 5 7 8 9 |  9.2
Invocations    | 1 3 5 6 |  6.8
Summonings     | 2 5 6 |  6.0
Air Magic      | 3 6 |  6.5
Charms         | 1 |  1.3
Dodging        | |  2.4
Stealth        | |  2.4

Action                   |  1- 3 |  4- 6 |  7- 9 | 10-12 || total
-------------------------+-------+-------+-------+-------++-------
Melee: Dagger            |       |     8 |     3 |       ||    11
       Hand axe          |       |       |       |     6 ||     6
       Staff             |       |       |       |     3 ||     3
 Cast: Magic Dart        |    32 |   143 |   177 |   252 ||   604
       Searing Ray       |     3 |     4 |     1 |     2 ||    10
       Iskenderun's Myst |       |    12 |    83 |   211 ||   306
       Fulminant Prism   |       |       |    13 |    35 ||    48
       Summon Lightning  |       |       |       |    61 ||    61
       Lightning Bolt    |       |       |       |     2 ||     2
       Blink             |       |       |       |     1 ||     1
  Use: Scroll            |       |       |     6 |     6 ||    12
 Stab: Sleeping          |       |     1 |     1 |       ||     2
  Eat: Chunk             |       |    10 |    14 |    31 ||    55
       Fruit             |       |       |     4 |     1 ||     5
Armor: Robe              |       |     1 |       |    10 ||    11
       Troll leather arm |       |       |     3 |       ||     3
       Leather armour    |       |       |       |    16 ||    16
Dodge: Dodged            |     1 |    21 |    21 |    51 ||    94
